 Dungeon Crawl Stone Soup version 0.30.1 (webtiles) character file.

Game seed: 1048533614821202683

722 Babbit the Chopper (level 7, -1/61 HPs)
             Began as a Minotaur Fighter on July 11, 2023.
             Was a Follower of Sif Muna.
             Slain by Menkaure (20 damage)
             ... on level 4 of the Dungeon.
             The game lasted 00:24:18 (2691 turns).

Babbit the Chopper (Minotaur Fighter)               Turns: 2691, Time: 00:24:19

Health: -1/61      AC:  7    Str: 22    XL:     7   Next: 43%
Magic:  16/16      EV:  9    Int:  4    God:    Sif Muna [*.....]
Gold:   81         SH:  5    Dex: 13    Spells: 5/6 levels left

rFire   . . .        a - +0 war axe
rCold   . . .        c - +0 buckler
rNeg    . . .        b - +0 scale mail
rPois   .            (helmet restricted)
rElec   .            (no cloak)
rCorr   +            o - +2 pair of gloves
SInv    .            (no boots)
Will    .....        (no amulet) Stlth
                     l - ring of resist corrosion
HPRegen 0.30/turn    t - ring of magical power
MPRegen 0.15/turn

%: clarity
@: no status effects
A: horns 2, retaliatory headbutt, agile 1, clarity, deformed body
a: Renounce Religion, Channel Magic


You were on level 4 of the Dungeon.
You worshipped Sif Muna.
Sif Muna was aware of your devotion.
You visited 1 branch of the dungeon, and saw 4 of its levels.

You collected 81 gold pieces.

Inventory:

Hand Weapons
 a - a +0 war axe (weapon)
Missiles
 e - 2 poisoned darts (quivered)
 p - 6 boomerangs
Armour
 b - a +0 scale mail (worn)
 c - a +0 buckler (worn)
 o - a +2 pair of gloves (worn)
Jewellery
 l - a ring of resist corrosion (left hand)
 t - a ring of magical power (right hand)
Wands
 d - a wand of digging (6)
 v - a wand of mindburst (15)
Scrolls
 g - a scroll of blinking {unknown}
 h - 2 scrolls of identify
 i - 2 scrolls of fog {unknown}
 j - a scroll of noise {unknown}
 k - a scroll of enchant weapon {unknown}
 m - a scroll of teleportation {unknown}
 n - a scroll of fear {unknown}
 q - a scroll of butterflies {unknown}
Potions
 f - 4 potions of mutation
 r - a potion of heal wounds {unknown}
 s - a potion of attraction {unknown}
 u - 2 potions of magic


   Skills:
 + Level 5.3 Fighting
 * Level 6.0 Axes
 * Level 2.5 Throwing
 + Level 5.3 Armour
 + Level 5.3 Shields
 + Level 1.7 Invocations


You had 5 spell levels left.
You knew the following spells:

 Your Spells              Type           Power      Damage    Failure   Level
a - Sandblast             Erth           0%         2d4       86%         1

Your spell library contained the following spells:

 Spells                   Type           Power      Damage    Failure   Level
 Passwall                 Tmut/Erth      0%         N/A       95%         2
 Stone Arrow              Conj/Erth      0%         3d7       99%         3
 Volatile Blastmotes      Fire/Tloc      0%         2d10      99%         3
 Fulminant Prism          Conj/Hex       0%         3d5       100%        4
 Iskenderun's Mystic Bla  Conj/Tloc      0%         2d3       100%        4
 Lee's Rapid Deconstruct  Erth           0%         3d4*      100%        5


Dungeon Overview and Level Annotations

Branches:
Dungeon (4/15)
 Temple: D:4-7

Altars:
Sif Muna

Annotations:
D:4 Menkaure


Innate Abilities, Weirdness & Mutations

You have a pair of horns on your head.
You reflexively headbutt those who attack you in melee.
You are agile. (Dex +4, Str/Int -1)
You possess an exceptional clarity of mind.
Armour fits poorly on your strangely shaped body.


Message History

You are poisoned.
The scorpion poisons you!
Your unstable footing causes you to fumble your attack.
You feel very sick.
The scorpion splashes around in the water.
You slash the scorpion!
You kill the scorpion!
Sif Muna accepts your kill.
You feel very sick.
Your Axes skill increases to level 6!
You feel sick.
You feel sick.
You feel sick.
You start resting.
You feel sick. x2
You are no longer poisoned.
You start resting.
HP restored.
Menkaure, Prince of Dust comes into view.
Menkaure shouts!
Menkaure gestures wildly while chanting.
Menkaure seems to speed up.
Menkaure calls on the powers of darkness!
Your body is wracked with pain!
You block Menkaure's attack.
You hit Menkaure.
Menkaure is lightly damaged.
You hit the plant.
The plant begins to die.
Menkaure closely misses you. You furiously retaliate!
You headbutt Menkaure. Menkaure barely misses you.
You barely miss Menkaure.
Menkaure is lightly damaged.
You hit the plant. Menkaure barely misses you.
You barely miss Menkaure.
You headbutt Menkaure, but do no damage.
Menkaure is lightly damaged.
You hit the plant.
A nearby plant withers and dies.
You block Menkaure's attack.
Menkaure calls on the powers of darkness!
Your body is wracked with pain!
It was a potion of magic.
Magic courses through your body. Menkaure hits you!!
You die...

............ #.#####.......
.................................
...................#.#...........
...................# #...........
...................#.#...........
.##..#.............#.............
####.......P ~.............(.....
# #......P♣♣♣♣.M...........#####
# #####♣♣♣~~~P~@.......
#######♣♣♣~~P~~~~♣......
##.....♣~~~♣~~~~~♣ .....
.#.###~~~~~~~~~~~♣ ##.# .#.#
#~~~♣~~P~PP~~♣ #
...###~~~~♣~~P~~~♣~..
...#..~♣~~~P≈≈P~~♣~...
.....~♣~~~≈≈≈≈≈~~P~....
.....♣P~P~≈≈≈≈≈~~P♣P##.


You could see Menkaure (fast).

Vanquished Creatures
  Duvessa (D:4)
  2 ogres (D:3)
  A scorpion (D:4)
  Dowan (D:4)
  An orc priest (D:3)
  An iguana (D:4)
  Jessica (D:3)
  A sleepcap (D:3)
  2 orc wizards
  4 gnolls
  7 adders
  An ufetubus (D:4)
  2 worms (D:3)
  A dart slug (D:1)
  9 orcs
  6 ball pythons
  6 bats
  6 endoplasms
  8 hobgoblins
  4 kobolds
  A quokka (D:2)
  A frilled lizard (D:3)
  5 goblins
  8 rats
80 creatures vanquished.

Notes
Turn   | Place    | Note
-------+----------+-------------------------------------------
     0 | D:1      | Babbit the Minotaur Fighter began the quest for the Orb.
     0 | D:1      | Reached XP level 1. HP: 19/19 MP: 0/0
    85 | D:1      | Reached XP level 2. HP: 27/27 MP: 1/1
   202 | D:1      | Reached skill level 3 in Axes
   268 | D:1      | Reached XP level 3. HP: 33/33 MP: 2/2
   583 | D:2      | Found a shimmering blue altar of Sif Muna.
   594 | D:2      | Became a worshipper of Sif Muna the Loreminder
  1194 | D:2      | Reached XP level 4. HP: 40/40 MP: 3/3
  1252 | D:3      | Reached skill level 4 in Axes
  1400 | D:3      | Noticed Jessica
  1416 | D:3      | Killed Jessica
  1417 | D:3      | Reached XP level 5. HP: 43/47 MP: 4/4
  1518 | D:3      | Reached * piety under Sif Muna
  1555 | D:3      | Noticed an ogre
  1559 | D:3      | Killed an ogre
  1560 | D:3      | Reached skill level 5 in Axes
  1589 | D:3      | Reached XP level 6. HP: 44/55 MP: 5/5
  1758 | D:3      | Reached skill level 1 in Throwing
  1872 | D:3      | Learned a level 1 spell: Sandblast
  1998 | D:3      | Reached skill level 5 in Fighting
  1998 | D:3      | Reached skill level 5 in Armour
  1998 | D:3      | Reached skill level 5 in Shields
  1998 | D:3      | Reached skill level 1 in Invocations
  2209 | D:4      | Noticed Dowan
  2209 | D:4      | Noticed Duvessa
  2227 | D:4      | Killed Duvessa
  2228 | D:4      | Reached XP level 7. HP: 49/61 MP: 7/7
  2230 | D:4      | Killed Dowan
  2531 | D:4      | Gained mutation: You possess an exceptional clarity of
                  | mind. [potion of mutation]
  2531 | D:4      | Gained mutation: Armour fits poorly on your strangely
                  | shaped body. [potion of mutation]
  2531 | D:4      | Gained mutation: You are agile. (Dex +4, Str/Int -1)
                  | [potion of mutation]
  2536 | D:4      | Reached skill level 6 in Axes
  2684 | D:4      | Noticed Menkaure
  2691 | D:4      | Slain by Menkaure

Illustrated notes

Levels and vault maps discovered:
D:1:      minmay_arrival_radiant_lines, layout_basic, minmay_tall_x
D:2:      layout_loops_corners, basic_altar, serial_bayou_pond_d
D:3:      layout_basic, uniq_jessica
D:4:      layout_basic, serial_bayou_lake_a, uniq_robin, uniq_menkaure,
          uniq_duvessa

Skill      XL: |  1  2  3  4  5  6  7 |
---------------+----------------------+-----
Axes           | 3 4 5 6 |  6.0
Fighting       | 4 5 |  5.3
Shields        | 4 5 |  5.3
Armour         | 4 5 |  5.3
Throwing       | 2 |  2.5
Invocations    | 1 |  1.7

Action                     |  1- 3 |  4- 6 |  7- 9 || total
---------------------------+-------+-------+-------++-------
  Melee: War axe           |    61 |    85 |    33 ||   179
         Headbutt          |    10 |    12 |     2 ||    24
  Throw: Dart              |       |     3 |       ||     3
    Use: Scroll            |       |     2 |       ||     2
         Potion            |       |     1 |     2 ||     3
 Armour: Scale mail        |    36 |    39 |     9 ||    84
  Dodge: Dodged            |    26 |    26 |     9 ||    61
  Block: Buckler           |    19 |    14 |     9 ||    42
